 Dungeon Crawl Stone Soup version 0.28-a0-973-ga7f8b01127 (webtiles) character file.

Game seed: 2403194642799981480

14 ragingrage the Chopper (level 2, -1/16 HPs)
             Began as a Vine Stalker Chaos Knight on Dec 1, 2021.
             Was a Plaything of Xom.
             Slain by a tarantella (shapeshifter) (3 damage)
             ... on level 2 of the Dungeon.
             The game lasted 00:00:33 (782 turns).

ragingrage the Chopper (Vine Stalker Chaos Knight)   Turns: 782, Time: 00:00:33

Health: -1/16      AC:  5    Str: 14    XL:     2   Next: 41%
Magic:  0/3        EV: 11    Int: 12    God:    Xom [..*...]
Gold:   42         SH:  0    Dex: 13    Spells: 1/1 levels left

rFire   . . .      SeeInvis .   a - +0 hand axe (chaos)
rCold   . . .      Faith    .   (no shield)
rNeg    . . .      Spirit   +   b - +2 leather armour
rPois   .          Reflect  .   (no helmet)
rElec   .          Harm     .   (no cloak)
rCorr   .          Rampage  .   (no gloves)
Will    .....                   (no boots)
Stlth   +.........              (no amulet)
HPRegen 0.05/turn               (no ring)
MPRegen 0.08/turn               (no ring)

@: confused
A: fangs 2, magic shield, antimagic bite, no potion heal 2
a: Renounce Religion


You were on level 2 of the Dungeon.
You worshipped Xom.
You were a toy of Xom.
You visited 1 branch of the dungeon, and saw 2 of its levels.

You collected 42 gold pieces.

Inventory:

Hand Weapons
 a - a +0 hand axe of chaos (weapon)
Armour
 b - a +2 leather armour (worn)
Scrolls
 f - a scroll of vulnerability {unknown}
Potions
 c - a potion of curing {unknown}
 d - a potion of degeneration {unknown}
 e - a potion of heal wounds {unknown}


   Skills:
 - Level 2.6 Fighting
 * Level 3.4 Axes
 - Level 1.5 Armour
 - Level 0.7 Dodging


You had one spell level left.
You didn't know any spells.
Your spell library was empty.

Dungeon Overview and Level Annotations

Branches:
Dungeon (2/15)

Altars:


Innate Abilities, Weirdness & Mutations

You have extremely sharp teeth.
When hurt, damage is shared between your health and your magic reserves.
Your bite disrupts and absorbs the magic of your enemies.
Potions cannot restore your health.


Message History

No target in view!
No target in view!
No target in view!
You see here a bat corpse.
There is a stone staircase leading down here.
Found 13 arrows.
You see here 13 arrows.
A worm comes into view.
A worm is nearby!
A worm comes into view.
You hit the worm but do no damage. The worm bites you!
You are too injured to fight recklessly!
You are too injured to fight recklessly!
You are too injured to fight recklessly!
You are too injured to fight recklessly!
You are too injured to fight recklessly!
You are too injured to fight recklessly!
You are too injured to fight recklessly!
You are too injured to fight recklessly!
You are too injured to fight recklessly!
You are too injured to fight recklessly!
You are too injured to fight recklessly!
You are too injured to fight recklessly!
You are too injured to fight recklessly!
You are too injured to fight recklessly!
You are too injured to fight recklessly!
You hit the worm.
The worm changes into a shapeshifter!
Xom thinks this is hilarious!
The shapeshifter changes into a tarantella!
You hit the tarantella but do no damage.
You bite the tarantella, but do no damage.
The tarantella closely misses you.
You hit the tarantella but do no damage.
The tarantella is poisoned.
Your bite misses the tarantella. The tarantella touches you!
* * * LOW HITPOINT WARNING * * *
You are confused.
The tarantella touches you.
You die...
Xom snickers!

#.###### #
#.# # #.# #
#.# # #.# #
#.# #######
#####(#
.......
#.....#
..###..
#@##### #.#
#.....sw.....
#.#
#.###.#######
#.# #.# # #
#.# #?# #.#
#..


You could see a tarantella shaped shifter (very poisoned) and a worm.

Vanquished Creatures
  2 endoplasms
  2 goblins (D:1)
  A quokka (D:2)
  2 ball pythons (D:1)
  A bat (D:2)
  2 frilled lizards (D:2)
  A kobold (D:1)
  4 rats (D:1)
15 creatures vanquished.

Vanquished Creatures (others)
  A demonic plant (D:1)
  A withered plant (D:1)
2 creatures vanquished.

Grand Total: 17 creatures vanquished

Notes
Turn   | Place    | Note
-------+----------+-------------------------------------------
     0 | D:1      | ragingrage the Vine Stalker Chaos Knight began the quest
                  | for the Orb.
     0 | D:1      | Reached XP level 1. HP: 11/11 MP: 2/2
   347 | D:1      | Reached skill level 3 in Axes
   401 | D:1      | Found a faded altar of an unknown god.
   433 | D:1      | XOM: potion effect (berserk rage)
   437 | D:1      | Reached XP level 2. HP: 16/16 MP: 3/3
   565 | D:1      | XOM: noise
   780 | D:2      | Noticed a shapeshifter
   780 | D:2      | a worm changed into a shapeshifter
   780 | D:2      | Noticed a tarantella
   780 | D:2      | a shapeshifter changed into a tarantella
   782 | D:2      | Slain by a tarantella (shapeshifter)

Illustrated notes

Levels and vault maps discovered:
D:1:      eino_arrival_water_cross, layout_basic, shapermc_ecumenical_altar_gd
D:2:      layout_loops_ring, uniq_natasha

Skill      XL: |  1 |
---------------+----+-----
Axes           | 3 |  3.4
Fighting       | |  2.6
Armour         | |  1.5
Dodging        | |  0.7

Action                   || total
-------------------------++-------
Melee: Hand axe          ||    39
       Bite              ||    10
 Stab: Sleeping          ||     1
Armor: Leather armour    ||    15
Dodge: Dodged            ||    11

Table legend: (Time is in decaauts)
 A = Elapsed time spent in this place.
 B = Non-inter-level travel time spent in this place.
 C = Inter-level travel time spent in this place.
 D = Time resting spent in this place.
 E = Time spent auto-exploring this place.
 F = Levels seen in this place.
 G = Mean time per level.
                   A        B        C        D        E       F      G
               +--------+--------+--------+--------+--------+-----+--------+
         Total |    799 |    781 |     18 |      0 |    674 |   2 |  399.5 |
       Dungeon |    799 |    781 |     18 |      0 |    674 |   2 |  399.5 |
               +--------+--------+--------+--------+--------+-----+--------+

Top non-repeatable levels by time:
     D:1: 675 daAuts
     D:2: 123 daAuts
